 Dungeon Crawl Stone Soup version 0.30-a0-626-gd6a5dd7a1f (webtiles) character file.

Game seed: 13052796990862240823

8 OTABOTABOTAB the Caller (level 2, 11/11 HPs)
             Began as a Felid Summoner on Jan 12, 2023.
             Quit the game on level 1 of the Dungeon.
             The game lasted 00:02:21 (354 turns).

OTABOTABOTAB the Caller (Felid Summoner)             Turns: 354, Time: 00:02:22

Health: 11/11      AC:  1    Str:  4    XL:     2   Next: 0%
Magic:  4/6        EV: 17    Int: 16    God:
Gold:   19         SH:  0    Dex: 16    Spells: 2/5 levels left
                                        Lives:  0   Deaths: 0

rFire   . . .      SeeInvis +    (weapon unavailable)
rCold   . . .      Faith    .    (shield unavailable)
rNeg    . . .      Spirit   .    (body armour unavailable)
rPois   .          Reflect  .    (helmet unavailable)
rElec   .          Harm     .    (cloak unavailable)
rCorr   .          Rampage  .    (gloves unavailable)
Will    .....                    (boots unavailable)
Stlth   ++                       (no amulet)
HPRegen 0.21/turn                Z - ring of wizardry {Wiz+, !d}
MPRegen 0.10/turn                (no ring)

@: quick
A: very small, claws 1, fangs 3, see invisible, speed 1, shaggy fur 1, stealthy
paws, no weapons or thrown items, no armour, multi-lived
a: no special abilities


You were on level 1 of the Dungeon.
You visited 1 branch of the dungeon, and saw 1 of its levels.

You collected 19 gold pieces.

Inventory:

Jewellery
 Z - a ring of wizardry (left paw) {Wiz+, !d}
   (You found it on level 1 of the Dungeon)
Scrolls
 a - a scroll of identify {unknown}
 b - 3 scrolls of teleportation {unknown}
 c - a scroll of silence {unknown}
Potions
 d - a potion of attraction {unknown}
 M - a potion of magic


   Skills:
 - Level 3.0 Dodging
 - Level 3.0 Stealth
 + Level 2.1 Spellcasting
 + Level 4.1 Summonings


You had 2 spell levels left.
You knew the following spells:

 Your Spells              Type           Power      Damage    Failure   Level
a - Summon Small Mammal   Summ           56%        N/A       1%          1
c - Call Imp              Summ           14%        N/A       2%          2

Your spell library contained the following spells:

 Spells                   Type           Power      Damage    Failure   Level
 Call Canine Familiar     Summ           14%        N/A       4%          3
 Summon Guardian Golem    Hex/Summ       8%         N/A       11%         3
 Summon Lightning Spire   Summ/Air       8%         N/A       32%         4


Dungeon Overview and Level Annotations

Branches:
Dungeon (1/15)

Altars:


Innate Abilities, Weirdness & Mutations

You have sharp claws.
You have razor-sharp teeth.
You have supernaturally acute eyesight. (SInv)
You cover ground quickly. (Speed+)
You are covered in fur. (AC +1)
Your paws help you pounce on unaware monsters.
You are incapable of wielding weapons or throwing items.
You cannot wear armour.
You gain extra lives every three experience levels.


Message History

You swap places.
Your quokka closely misses the goblin.
The goblin barely misses your quokka.
You see here a +0 robe.
Your quokka bites the goblin.
The goblin dies!
Unknown command.
Your magical contamination has completely faded away.
Unknown command.
Z - a ring of wizardry (left paw) {Wiz+, !d} Your quokka disappears in a puff of smoke!
You swap places.
Your quokka disappears in a puff of smoke!
You now have 9 gold pieces (gained 2).
Things that are here:
a +0 dagger; a goblin corpse You now have 19 gold pieces (gained 10).
You see here a +0 mace.
A goblin comes into view. It is wielding a +0 club.
MP restored: 4 You don't know that spell.
You now have 3/4 mp.
What are your orders? t - Meow!
Orders for allies: a - Attack new target. r - Retreat! s - Stop attacking. g - Guard the area. f - Follow me.
Anything else - Cancel.
Gang up on whom?
Aim: a goblin, wielding a +0 club (asleep, ally target) Attack!
The goblin shouts!
The goblin completely misses your rat.
Your rat bites the goblin.
The goblin barely misses your rat.
Your rat bites the goblin.
The goblin dies!
Your Stealth skill increases to level 3!
You swap places.
You swap places.
A hobgoblin comes into view.
MP restored: 4 What are your orders? t - Meow!
Orders for allies: a - Attack new target. r - Retreat! s - Stop attacking. g - Guard the area. f - Follow me.
Anything else - Cancel.
Gang up on whom?
Aim: a hobgoblin (asleep) Attack!
The hobgoblin shouts!
Your rat closely misses the hobgoblin.
The hobgoblin barely misses your rat.
Your rat bites the hobgoblin but does no damage.
The hobgoblin hits your rat.
Your rat dies!
Your rat's corpse disappears in a puff of smoke!
What are your orders? t - Meow!
Orders for allies: a - Attack new target. p - Attack previous target. r - Retreat! s - Stop attacking. g - Guard the area. f - Follow me.
Anything else - Cancel.
Okay, then.
There's something in the way.
The hobgoblin hits you.
Ouch! That really hurt!
You take 4 damage, and have 3/7 hp.
MASSIVE DAMAGE!!
You now have 3/4 mp.
The hobgoblin barely misses you.
You swap places.
Your rat bites the hobgoblin but does no damage.
The hobgoblin barely misses your rat.
Your rat bites the hobgoblin.
The hobgoblin hits your rat.
Your rat dies!
Your rat's corpse disappears in a puff of smoke!
You now have 2/4 mp.
What are your orders? t - Meow!
Orders for allies: a - Attack new target. r - Retreat! s - Stop attacking. g - Guard the area. f - Follow me.
Anything else - Cancel.
Gang up on whom?
Aim: a hobgoblin (black smoke, severely wounded, ally target) Attack!
You swap places.
Your rat barely misses the hobgoblin.
Your rat barely misses the hobgoblin.
You see here a +0 club.
The hobgoblin hits your quokka but does no damage.
You now have 2/4 mp.
Your rat bites the hobgoblin.
Your quokka bites the hobgoblin.
The hobgoblin dies!
Your Dodging skill increases to level 3!
You have reached level 2!
Health restored: 11 Memorise Call Imp, consuming 2 spell levels and leaving 2?
You start memorising the spell.
You continue memorising. x2
You finish memorising.
Spell assigned to 'c'.

#### #... #.##
#####################.##
.......@rr.†...)....#.##
#....############.....##
#.. #.#.#### # #.#.....
#.#.#### #.#.....
#.#.#### #.#.#..#
#.#....#


You could see a friendly quokka (summoned) and a friendly rat (summoned).

Vanquished Creatures (collateral kills)
  An endoplasm (D:1)
  A giant cockroach (D:1)
  2 goblins (D:1)
  A hobgoblin (D:1)
  A frilled lizard (D:1)
  A rat (D:1)
7 creatures vanquished.

Notes
Turn   | Place    | Note
-------+----------+-------------------------------------------
     0 | D:1      | OTABOTABOTAB the Felid Summoner began the quest for the
                  | Orb.
     0 | D:1      | Reached XP level 1. HP: 7/7 MP: 4/4
   308 | D:1      | Reached skill level 3 in Stealth
   351 | D:1      | Reached skill level 3 in Dodging
   351 | D:1      | Reached XP level 2. HP: 11/11 MP: 3/6
   354 | D:1      | Learned a level 2 spell: Call Imp
   354 | D:1      | Quit the game

Illustrated notes

Levels and vault maps discovered:
D:1:      dpeg_arrival_connections, layout_basic, grunt_decor_resistance,
          minmay_tetromino_l4

Skill      XL: |  1 |
---------------+----+-----
Stealth        | 3 |  3.0
Dodging        | 3 |  3.0
Spellcasting   | |  2.1
Summonings     | |  4.1

Action                   || total
-------------------------++-------
 Cast: Summon Small Mamm ||     9
Dodge: Dodged            ||     1

Table legend: (Time is in decaauts)
 A = Elapsed time spent in this place.
 B = Non-inter-level travel time spent in this place.
 C = Inter-level travel time spent in this place.
 D = Time resting spent in this place.
 E = Time spent auto-exploring this place.
 F = Levels seen in this place.
 G = Mean time per level.
                   A        B        C        D        E       F      G
               +--------+--------+--------+--------+--------+-----+--------+
         Total |    303 |    303 |      0 |      0 |    212 |   1 |  303.0 |
       Dungeon |    303 |    303 |      0 |      0 |    212 |   1 |  303.0 |
               +--------+--------+--------+--------+--------+-----+--------+

Top non-repeatable levels by time:
     D:1: 303 daAuts

Table legend:
 A = Kills in this place as a percentage of kills in entire the game.
 B = Kills by you in this place as a percentage of kills by you in the entire game.
 C = Kills by friends in this place as a percentage of kills by friends in the entire game.
 D = Other kills in this place as a percentage of other kills in the entire game.
 E = Experience gained in this place as a percentage of experience gained in the entire game.
 F = Experience gained in this place divided by the number of levels of this place that you have seen.
                   A       B       C       D       E      F
               +-------+-------+-------+-------+-------+----------------------
         Total | 100.0 |   N/A | 100.0 |   N/A | 100.0 |  12.0
       Dungeon | 100.0 |   N/A | 100.0 |   N/A | 100.0 |  12.0
               +-------+-------+-------+-------+-------+----------------------
